Map: Cactus Valley LE (Void)

Players

Dark - Winner!

  • Race: Zerg Zerg
  • Spawn Location: 5:00

ShoWTimE

  • Race: Protoss Protoss
  • Spawn Location: 7:00

Event: IEM XI Katowice - World Championship 2017

VOD

Have the link to the VOD?

Description

Time

  • Played on: March 3, 2017, 4:29 p.m.
  • Length: 4:44

All games in this series

Show
View Real Time Build Order
Export as new Build Order

Dark Zerg - Winner!

Build Orders: Hatch First 

Get SALT Encoding   

  12  0:00  Drone  
  13  0:12  Overlord  
  13  0:19  Drone  
  14  0:30  Drone  
  14  0:31  Drone  
  14  0:35  Drone  
  17  0:52  Hatchery  
  17  0:55  Drone  
  17  1:00  Drone  
  18  1:06  Extractor  
  18  1:08  Drone  
  18  1:17  Spawning Pool  
  17  1:20  Drone  
  18  1:29  Drone  
  19  1:40  Drone  
  20  1:52  Hatchery  
  19  1:56  Drone  
  20  2:05  Queen  
  20  2:06  Zergling x2  
  23  2:11  Metabolic Boost  
  23  2:16  Drone  
  23  2:18  Drone  
  25  2:24  Overlord  
  25  2:27  Drone  
  26  2:30  Drone  
  26  2:35  Zergling x2  
  28  2:44  Zergling x2  
  28  2:45  Zergling x2  
  28  2:48  Zergling x2  
  30  3:01  Zergling x4  
  28  3:09  Zergling x2  
  28  3:10  Zergling x4  
  31  3:13  Evolution Chamber  
  30  3:21  Drone x2  
  30  3:22  Zergling x6  
  35  3:31  Zergling x2  
  35  3:32  Zergling x4  
  36  3:38  Zergling x4  
  38  3:48  Zergling x6  
  38  3:52  Zergling x2  
  38  3:53  Overlord  
  40  4:12  Zergling x10  
  40  4:13  Zergling x4  
Show
View Real Time Build Order
Export as new Build Order

ShoWTimE Protoss 

Build Orders: 1 Gate Expand, Dark Templar Rush 

Get SALT Encoding   

  12  0:01  Probe (Chrono Boost)  
  13  0:14  Pylon  
  13  0:18  Probe (Chrono Boost)  
  14  0:28  Probe (Chrono Boost)  
  14  0:35  Gateway  
  15  0:39  Probe (Chrono Boost)  
  16  0:45  Assimilator  
  17  0:50  Probe (Chrono Boost)  
  17  1:00  Probe (Chrono Boost)  
  18  1:05  Gateway  
  18  1:11  Probe (Chrono Boost)  
  19  1:22  Cybernetics Core  
  19  1:40  Nexus  
  19  1:46  Pylon  
  19  1:56  Adept  
  19  1:57  Adept  
  23  2:06  Probe (Chrono Boost)  
  23  2:08  Warp Gate  
  24  2:10  Assimilator  
  24  2:18  Probe (Chrono Boost)  
  24  2:20  Adept  
  28  2:31  Probe (Chrono Boost)  
  28  2:32  Adept  
  30  2:43  Probe (Chrono Boost)  
  31  2:55  Probe (Chrono Boost)  
  32  3:03  Probe (Chrono Boost)  
  33  3:07  Twilight Council  
  33  3:08  Probe (Chrono Boost)  
  34  3:14  Probe (Chrono Boost)  
  36  3:20  Robotics Facility  
  36  3:21  Probe (Chrono Boost)  
  36  3:24  Probe (Chrono Boost)  
  37  3:33  Probe (Chrono Boost)  
  38  3:35  Probe (Chrono Boost)  
  38  3:37  Pylon  
  39  3:45  Probe (Chrono Boost)  
  39  3:47  Probe (Chrono Boost)  
  41  3:53  Dark Shrine  
  41  3:56  Probe (Chrono Boost)  
  41  4:01  Gateway  
  43  4:03  Gateway  
  44  4:10  Mothership Core (Chrono Boost)  
  44  4:14  Pylon  
  38  4:22  Adept  
  31  4:30  Adept  

Tags
 
Add a new tag
Caveats
  • Supply blocks, unpowered buildings, or Contaminate may cause inaccurate times.
  • Supply counts are checked every 10 seconds.